 Dungeon Crawl Stone Soup version 0.28.0 (webtiles) character file.

Game seed: 18082954479893673625

4 themarg the Ducker (level 1, 0/13 HPs)
             Began as a Gnoll Wanderer on Feb 5, 2022.
             Slain by a quokka (2 damage)
             ... on level 1 of the Dungeon.
             The game lasted 00:02:27 (395 turns).

themarg the Ducker (Gnoll Wanderer)                  Turns: 395, Time: 00:02:28

Health: 0/13       AC:  3    Str:  8    XL:     1   Next: 60%
Magic:  6/6        EV: 13    Int: 13    God:
Gold:   12         SH:  0    Dex: 12    Spells: 8/9 levels left

rFire   . . .      SeeInvis .   a - +0 dagger
rCold   . . .      Faith    .   (no shield)
rNeg    . . .      Spirit   .   d - +0 leather armour
rPois   .          Reflect  .   (no helmet)
rElec   .          Harm     .   (no cloak)
rCorr   .          Rampage  .   (no gloves)
Will    .....                   (no boots)
Stlth   +.........              (no amulet)
HPRegen 0.04/turn               (no ring)
MPRegen 0.10/turn               (no ring)

@: no status effects
A: fangs 1, strong nose, distributed training
a: no special abilities


You were on level 1 of the Dungeon.
You visited 1 branch of the dungeon, and saw 1 of its levels.

You collected 12 gold pieces.

Inventory:

Hand Weapons
 a - a +0 dagger (weapon)
Missiles
 b - 3 throwing nets (quivered)
 c - 7 boomerangs
Armour
 d - a +0 leather armour (worn)
Scrolls
 f - a scroll of fog {unknown}
Potions
 e - a potion of haste {unknown}


   Skills:
 + Level 0.1 Fighting
 + Level 0.1 Short Blades
 + Level 0.1 Long Blades
 + Level 0.1 Axes
 + Level 0.1 Maces & Flails
 + Level 0.1 Polearms
 + Level 0.1 Staves
 + Level 0.1 Slings
 + Level 0.1 Bows
 + Level 0.1 Crossbows
 + Level 2.4 Throwing
 + Level 4.4 Armour
 + Level 6.4 Dodging
 + Level 0.1 Stealth
 + Level 0.1 Shields
 + Level 0.1 Unarmed Combat
 + Level 4.9 Spellcasting
 + Level 0.1 Conjurations
 + Level 0.1 Hexes
 + Level 3.6 Summonings
 + Level 0.1 Necromancy
 + Level 0.1 Translocations
 + Level 0.1 Transmutations
 + Level 0.1 Fire Magic
 + Level 0.1 Ice Magic
 + Level 0.1 Air Magic
 + Level 0.1 Earth Magic
 + Level 0.1 Poison Magic
 + Level 0.2 Invocations
 + Level 0.1 Evocations


You had 8 spell levels left.
You knew the following spells:

 Your Spells              Type           Power      Damage    Failure   Level
a - Summon Small Mammal   Summ           48%        N/A       6%          1

Your spell library contained the following spells:

 Spells                   Type           Power      Damage    Failure   Level
 Call Canine Familiar     Summ           12%        N/A       17%         3


Dungeon Overview and Level Annotations

Branches:
Dungeon (1/15)

Altars:


Innate Abilities, Weirdness & Mutations

You have very sharp teeth.
Your uncanny sense of smell can sniff out nearby items.
Your experience applies equally to all skills.


Message History

You see here a bubbling puce potion.
Found a ring mail.
Found 10 gold pieces.
Found a stone staircase leading down.
You see here a +0 ring mail.
The hobgoblin hits you but does no damage.
An endoplasm comes into view.
The endoplasm quivers.
The hobgoblin hits you but does no damage.
The quokka closely misses you. The quokka barely misses you.
The quokka bites you but does no damage.
A rat comes into view.
The quokka misses you.
You hit the quokka.
The quokka is lightly wounded.
The quokka barely misses you.
The quokka bites you but does no damage.
You hit the quokka but do no damage.
The quokka is lightly wounded.
The quokka barely misses you.
You closely miss the quokka. Your bite misses the quokka.
The quokka is lightly wounded.
The quokka closely misses you.
You barely miss the quokka.
The quokka is lightly wounded.
The quokka closely misses you. The quokka misses you.
You hit the quokka but do no damage.
The quokka is lightly wounded.
The quokka misses you.
You hit the quokka but do no damage.
The quokka is lightly wounded.
The quokka misses you.
You hit the quokka.
The quokka is moderately wounded.
The quokka bites you.
* * * LOW HITPOINT WARNING * * *
You barely miss the quokka.
The quokka is moderately wounded.
The quokka bites you.
You die...

.... #### #.#### ... ... ......
... #######.# #..... #.#
#...[...### .....### #.#
##.#.>....#. #.....###.# #
#!#........ #........g###.#
#.#..####### ###.......rJr@..#
#.#.........
........###########.#$.......#
#.......#...........#g...###.#
#...###.#.##.#.#.#####.....#.#
.#.####....#.#.g........##.#.#
........#..#.#J...#......#.#.# ≈
........#..#......########.#.# ≈.
...........g......########.#.#
...........##...............#.#.#


You could see an endoplasm, a quokka, a hobgoblin and a rat.

Vanquished Creatures
  A giant cockroach (D:1)
  A ball python (D:1)
  A bat (D:1)
  A frilled lizard (D:1)
  A kobold (D:1)
5 creatures vanquished.

Notes
Turn   | Place    | Note
-------+----------+-------------------------------------------
     0 | D:1      | themarg the Gnoll Wanderer began the quest for the Orb.
     0 | D:1      | themarg set off with the following items: a +0 dagger, 3
                  | throwing nets, 7 boomerangs, a +0 leather armour; and the
                  | following spell memorised: Summon Small Mammal; and the
                  | following spells available to memorise: Call Canine
                  | Familiar
     0 | D:1      | Reached XP level 1. HP: 13/13 MP: 6/6
   395 | D:1      | Slain by a quokka

Illustrated notes

Levels and vault maps discovered:
D:1:      onia_arrival_pentagram, layout_basic

Action                   || total
-------------------------++-------
Melee: Dagger            ||    74
       Bite              ||     4
Armor: Leather armour    ||    25
Dodge: Dodged            ||    89
